[Event "Titled Tuesday Blitz August 23 Late 2022"]
[White "Deac, Bogdan-Daniel"]
[Black "Chigaev, Maksim"]
[WhiteFideId "1226380"]
[BlackFideId "4108116"]
[WhiteElo "2648"]
[BlackElo "2487"]
[Result "0-1"]
[Round "11"]
[TimeControl "180+1"]
[Date "2022.08.23"]
[WhiteClock "0:00:02"]
[BlackClock "0:00:09"]

1. e4 c5 2. Nf3 d6 3. d4 cxd4 4. Nxd4 Nf6 5. Nc3 a6 6. Be2 e6 7. f4 e5 8. Nf5 Bxf5 9. exf5 Nc6 10. O-O Be7 11. Nd5 Nxd5 12. Qxd5 O-O 13. c3 Bf6 14. Bf3 Qb6+ 15. Kh1 Rad8 16. Rb1 Rfe8 17. g4 exf4 18. Bxf4 h6 19. Bg3 Re7 20. h4 Ne5 21. b3 Qe3 22. c4 Nxg4 23. Rbe1 Qc3 24. Rc1 Ne3 25. Rxc3 Nxd5 26. Rd3 Ne3 27. Rg1 Nxf5 28. Bf2 Nxh4 29. Bd5 Kf8 30. Bb6 Rde8 31. Rh3 Re1 32. Bf2 Rxg1+ 33. Kxg1 Nf5 34. Bxb7 a5 35. Rf3 g6 36. Bd5 Kg7 37. a3 Re2 38. b4 axb4 39. axb4 Rb2 40. b5 h5 41. b6 Be5 42. b7 f6 43. Kf1 Ne7 44. Be4 f5 45. Bd3 Rxb7 0-1


[Site "https://www.chess.com"]

[Event "Titled Tuesday Blitz August 23 Late 2022"]
[White "Djordjevic, Vuk"]
[Black "Ghazarian, Kirk"]
[WhiteFideId "902098"]
[BlackFideId "30908604"]
[WhiteElo "2456"]
[BlackElo "2074"]
[Result "0-1"]
[Round "11"]
[TimeControl "180+1"]
[Date "2022.08.23"]
[WhiteClock "0:00:01"]
[BlackClock "0:00:23"]

1. d4 Nf6 2. Bg5 g6 3. Bxf6 exf6 4. c4 Bg7 5. Nc3 f5 6. e3 b6 7. g3 Bb7 8. Nf3 O-O 9. Bg2 d6 10. O-O Nd7 11. a4 a5 12. Nd2 Bxg2 13. Kxg2 Re8 14. Qf3 Nf6 15. Qc6 Qd7 16. Qxd7 Nxd7 17. Rfd1 c6 18. Ne2 Nf6 19. Ra3 Rab8 20. Rb3 Nd7 21. Nf4 Kf8 22. Nd3 Ke7 23. Nf3 Kd8 24. h4 h5 25. c5 bxc5 26. Rxb8+ Nxb8 27. dxc5 d5 28. b4 axb4 29. Nxb4 Kc7 30. Ng5 Re7 31. a5 Bc3 32. a6 Bxb4 33. a7 Kb7 34. axb8=Q+ Kxb8 35. Rb1 Rb7 36. Nxf7 Bxc5 37. Rxb7+ Kxb7 38. Ne5 Bd6 39. Nxg6 c5 40. Nh8 c4 41. Kf3 Kc6 42. Nf7 Bf8 43. Ke2 d4 44. exd4 Kd5 45. Ke3 Bg7 46. Ng5 Bxd4+ 47. Ke2 c3 48. Nf3 Bxf2 49. Ne1 Bxe1 0-1


[Site "https://www.chess.com"]

[Event "Titled Tuesday Blitz August 23 Late 2022"]
[White "Ezat, Mohamed"]
[Black "Wirig, Anthony"]
[WhiteFideId "10600906"]
[BlackFideId "615013"]
[WhiteElo "2386"]
[BlackElo "2474"]
[Result "1/2-1/2"]
[Round "11"]
[TimeControl "180+1"]
[Date "2022.08.23"]
[WhiteClock "0:00:08"]
[BlackClock "0:00:08"]

1. d4 d5 2. c4 c6 3. Nc3 Nf6 4. cxd5 cxd5 5. Bf4 Nc6 6. e3 g6 7. h3 Bg7 8. Nf3 O-O 9. Bd3 Qb6 10. Rb1 Ne4 11. Nxd5 Qa5+ 12. Nc3 Nxc3 13. bxc3 e5 14. dxe5 Rd8 15. O-O Bf5 16. Nd4 Bxd3 17. Qxd3 Nxe5 18. Bxe5 Bxe5 19. Rxb7 Qxa2 20. Qe4 Bxd4 21. cxd4 a5 22. Qb1 Qe2 23. Rb2 Qa6 24. Ra2 a4 25. Qc2 Rdc8 26. Qd2 Rc4 27. Rfa1 Qb5 28. d5 Rd8 29. d6 Qc6 30. Rd1 Rd7 31. Qd3 h5 32. Qa3 h4 33. Qd3 Kh7 34. Ra3 Kg8 35. Qd5 Qa6 36. Qe5 Qc8 37. Rd4 Rc1+ 38. Kh2 Rc5 39. Qf4 g5 40. Qg4 Qc6 41. Raxa4 Rxd6 42. Ra8+ Qxa8 43. Rxd6 Qe8 44. Qd4 Qe5+ 45. Qxe5 Rxe5 46. Rd4 f6 47. e4 Kg7 48. f3 Kg6 49. g3 hxg3+ 50. Kxg3 Ra5 51. h4 Ra1 52. hxg5 Kxg5 53. Rd5+ Kg6 54. Kf4 Rh1 55. Rd6 Kf7 56. Kf5 Rh5+ 57. Kf4 Ra5 58. Rd5 Ra4 59. Kf5 Ra7 60. f4 Rb7 61. Rd6 Rb5+ 62. Rd5 Rb7 63. Rc5 Ra7 64. Rb5 Rc7 65. Kg4 Kg6 66. Rd5 Ra7 67. Rd6 Kf7 68. Kf5 Ra5+ 69. e5 fxe5 70. fxe5 Ra1 71. Rd7+ Ke8 72. Rh7 Ra6 73. e6 Ra1 74. Kf6 Rf1+ 75. Ke5 Re1+ 76. Kf6 Rf1+ 77. Ke5 Kd8 78. Kd6 Rd1+ 79. Ke5 Ke8 80. Kf6 Rf1+ 1/2-1/2


[Site "https://www.chess.com"]

[Event "Titled Tuesday Blitz August 23 Late 2022"]
[White "Gheorghiu, Calin"]
[Black "Preotu, Razvan"]
[WhiteFideId "1200305"]
[BlackFideId "2613280"]
[WhiteElo "2168"]
[BlackElo "2407"]
[Result "0-1"]
[Round "11"]
[TimeControl "180+1"]
[Date "2022.08.23"]
[WhiteClock "0:00:52"]
[BlackClock "0:00:25"]

1. d4 Nf6 2. Bf4 d5 3. Nc3 g6 4. Nb5 Na6 5. e3 Bg7 6. h3 O-O 7. Nf3 Ne4 8. Na3 c6 9. Nd2 Qa5 10. f3 Nxd2 11. Qxd2 Qb6 12. c4 Re8 13. c5 Qd8 14. Bxa6 bxa6 15. O-O f6 16. e4 dxe4 17. fxe4 e5 18. dxe5 Qxd2 19. Bxd2 Rxe5 20. Bc3 Rxe4 21. Bxf6 Bf8 22. Rac1 Be6 23. b3 Bd5 24. Bh4 Rxh4 0-1


[Site "https://www.chess.com"]

[Event "Titled Tuesday Blitz August 23 Late 2022"]
[White "Guz, Ari"]
[Black "Elissalt Cardenas, Hector"]
[WhiteFideId "2825759"]
[BlackFideId "3500632"]
[WhiteElo "1913"]
[BlackElo "2159"]
[Result "1-0"]
[Round "11"]
[TimeControl "180+1"]
[Date "2022.08.23"]
[WhiteClock "0:01:16"]
[BlackClock "0:00:01"]

1. e4 d6 2. d4 Nf6 3. Nc3 e5 4. Nf3 Nbd7 5. h4 Be7 6. h5 h6 7. g4 Nxg4 8. Rg1 Ndf6 9. Be2 c6 10. dxe5 dxe5 11. Nd2 Bc5 12. Bxg4 Qd4 13. Qe2 Bxg4 14. Rxg4 Nxg4 15. Qxg4 Qxf2+ 16. Kd1 Rd8 17. Qe2 Qg1+ 18. Qe1 Qg4+ 19. Qe2 Qg1+ 20. Qe1 Qg4+ 21. Ne2 O-O 22. c3 Be3 23. Kc2 Bxd2 24. Bxd2 Qxe4+ 25. Kc1 Rd3 26. Ng3 Qg4 27. Nf1 Rfd8 28. Kc2 Qg2 29. Rd1 Rf3 30. Ne3 Qh3 31. Nc4 Qf5+ 32. Kc1 f6 33. Ne3 Qd3 34. Nc2 Qf5 35. Qe2 Rf2 36. Qc4+ Kh8 37. Ne3 Qf3 38. Nc2 Qe2 39. Qxe2 Rxe2 40. Nb4 a5 41. Nc2 Rh2 42. Ne3 Rxh5 43. Rg1 Rh2 44. Nf1 Rf2 45. Be3 Re2 46. Bb6 1-0


[Site "https://www.chess.com"]

[Event "Titled Tuesday Blitz August 23 Late 2022"]
[White "Hansen, Eric"]
[Black "Odegov, Artem"]
[WhiteFideId "2606771"]
[BlackFideId "34183644"]
[WhiteElo "2568"]
[BlackElo "2286"]
[Result "1/2-1/2"]
[Round "11"]
[TimeControl "180+1"]
[Date "2022.08.23"]
[WhiteClock "0:00:09"]
[BlackClock "0:00:04"]

1. Nf3 Nf6 2. g3 d5 3. Bg2 Bf5 4. O-O e6 5. d3 Nbd7 6. c4 c6 7. Nc3 dxc4 8. dxc4 Be7 9. Be3 O-O 10. h3 h6 11. Qb3 Qc7 12. Nd4 Nc5 13. Qd1 Bh7 14. Qc1 Rad8 15. b4 Ncd7 16. a3 Ne5 17. Na4 Ne4 18. Rd1 Bf6 19. Bf4 g5 20. Be3 Bg7 21. Nc3 Nd6 22. c5 Ndc4 23. Ne4 Nxe3 24. Qxe3 Rd7 25. Rac1 Rfd8 26. Nd6 Ng6 27. b5 Ne7 28. Nxe6 Nf5 29. Nxc7 Nxe3 30. fxe3 Rxc7 31. bxc6 bxc6 32. Nc4 Re8 33. Rd6 Be4 34. Rcd1 Bxg2 35. Kxg2 Re4 36. Rd8+ Kh7 37. Rc1 Rce7 38. Rc2 f5 39. Rd6 f4 40. gxf4 gxf4 41. exf4 Rxf4 42. Rxc6 Bd4 43. e3 Bxe3 44. Nxe3 Rxe3 45. Rc7+ Kg6 46. Rxa7 Rff3 47. c6 Rg3+ 48. Kh1 Rxh3+ 49. Kg1 Rhg3+ 50. Rg2 Rxg2+ 51. Kxg2 Rc3 52. c7 Kf6 53. Kf2 Ke6 54. Ke2 Kd6 55. Ra6+ Kxc7 56. Kd2 Rh3 57. a4 Kb7 58. Ra5 Rh2+ 59. Kc3 Kb6 60. Rb5+ Ka6 61. Re5 Rh4 62. Kb3 Kb6 63. Re6+ Ka5 64. Re5+ Ka6 65. a5 Rg4 66. Rd5 Rg5 67. Rd6+ Kxa5 68. Rxh6 Rg3+ 69. Kc4 Rg4+ 70. Kc5 Rg5+ 71. Kc6 Kb4 72. Rh4+ Kc3 73. Kd6 Ra5 74. Rh3+ Kd4 75. Rh4+ Ke3 76. Ke6 Kf2 77. Kf6 Kg3 78. Rb4 Ra6+ 1/2-1/2


[Site "https://www.chess.com"]

[Event "Titled Tuesday Blitz August 23 Late 2022"]
[White "Harvey, Marcus R"]
[Black "Navarrete Mendez, Gonzalo Alberto"]
[WhiteFideId "400092"]
[BlackFideId "5106850"]
[WhiteElo "2485"]
[BlackElo "2261"]
[Result "0-1"]
[Round "11"]
[TimeControl "180+1"]
[Date "2022.08.23"]
[WhiteClock "0:00:03"]
[BlackClock "0:00:47"]

1. Nf3 d5 2. c4 dxc4 3. Na3 a6 4. Nxc4 b5 5. Nce5 f6 6. Nd3 e5 7. a4 e4 8. axb5 exd3 9. Qb3 Bc5 10. e3 Ne7 11. Bxd3 Nd7 12. bxa6 Bd6 13. Bc4 Nc5 14. Qa2 Nxa6 15. O-O Bb7 16. Qa4+ Kf8 17. Qd1 Nc5 18. Rxa8 Qxa8 19. b4 Ne4 20. Nd4 h5 21. Ne6+ Ke8 22. Nxg7+ Kd7 23. f3 Ng5 24. h4 Qf8 25. hxg5 Qxg7 26. Qa4+ Bc6 27. b5 Bb7 28. b6+ Bc6 29. Bb5 Qxg5 30. Bxc6+ Nxc6 31. bxc7 Rg8 32. Rf2 Qg3 33. Re2 Qh2+ 34. Kf1 Qh1+ 35. Kf2 Bg3# 0-1


[Site "https://www.chess.com"]

[Event "Titled Tuesday Blitz August 23 Late 2022"]
[White "Jones, Gawain C B"]
[Black "Machidon, Cristi"]
[WhiteFideId "409561"]
[BlackFideId "13904590"]
[WhiteElo "2657"]
[BlackElo "2312"]
[Result "1/2-1/2"]
[Round "11"]
[TimeControl "180+1"]
[Date "2022.08.23"]
[WhiteClock "0:00:02"]
[BlackClock "0:00:07"]

1. e4 c6 2. d4 d5 3. Nc3 dxe4 4. Nxe4 Bf5 5. Ng3 Bg6 6. h4 h6 7. Nf3 Nd7 8. h5 Bh7 9. Bd3 Bxd3 10. Qxd3 e6 11. Bd2 Ngf6 12. O-O-O Be7 13. Kb1 Qc7 14. Rhe1 O-O 15. Nf5 Rfe8 16. Nxg7 Kxg7 17. Rxe6 Nf8 18. Re5 Bd6 19. Bf4 Bxe5 20. Bxe5 Rxe5 21. dxe5 Nd5 22. c4 Nf4 23. Qf5 N4e6 24. Qf6+ Kh7 25. Nh4 Ng7 26. Rd6 Nfe6 27. f4 Rd8 28. Nf5 Nxf5 29. Qxf5+ Kg8 30. Qg4+ Kf8 31. f5 Rxd6 32. exd6 Qxd6 33. fxe6 Qd3+ 34. Kc1 Qe3+ 35. Kc2 fxe6 36. a4 Ke7 37. Qg7+ Kd6 38. Qxb7 Qe2+ 39. Kc3 Qe3+ 40. Kb4 Qd2+ 41. Ka3 Qxg2 42. Qxa7 Qh3+ 43. Ka2 Qxh5 44. a5 Qc5 45. Qxc5+ Kxc5 46. b4+ Kd6 47. Kb3 h5 48. b5 Kc7 49. Kb4 cxb5 50. cxb5 Kb7 51. Kc5 h4 52. a6+ Ka7 53. Kc6 h3 54. b6+ Kxa6 55. b7 h2 56. b8=Q h1=Q+ 57. Kd7 Qd5+ 58. Ke7 Qc5+ 59. Kxe6 Qb6+ 60. Qxb6+ Kxb6 1/2-1/2


[Site "https://www.chess.com"]

[Event "Titled Tuesday Blitz August 23 Late 2022"]
[White "Kamsky, Gata"]
[Black "Thomforde-Toates, Noah"]
[WhiteFideId "2000024"]
[BlackFideId "30951992"]
[WhiteElo "2666"]
[BlackElo "2617"]
[Result "1-0"]
[Round "11"]
[TimeControl "180+1"]
[Date "2022.08.23"]
[WhiteClock "0:00:28"]
[BlackClock "0:00:06"]

1. e4 c5 2. Nc3 g6 3. f4 Nc6 4. Nf3 Bg7 5. Bb5 e6 6. Bxc6 bxc6 7. e5 d5 8. O-O Ne7 9. d3 h5 10. Na4 Qa5 11. c4 Nf5 12. Bd2 Qc7 13. Nxc5 Qb6 14. b4 Bf8 15. d4 dxc4 16. Qc2 Bxc5 17. dxc5 Qd8 18. Qxc4 Qd5 19. Qe2 a5 20. Rfd1 Ba6 21. Qf2 axb4 22. Bxb4 Qe4 23. a3 Qxf4 24. Bd2 Qe4 25. Re1 Qa4 26. Bg5 O-O 27. Bf6 Qf4 28. Rab1 Rab8 29. Rb6 Bb5 30. g3 Qc4 31. Nd2 Qd4 32. Ne4 Qxf2+ 33. Kxf2 Rxb6 34. cxb6 Rb8 35. Nc5 Rxb6 36. Rb1 Kh7 37. a4 g5 38. Bxg5 Kg6 39. Bf4 Rb8 40. axb5 cxb5 41. Rb4 Ra8 42. h4 Ra2+ 43. Kf3 Ra3+ 44. Kg2 Ra2+ 45. Kh3 Rc2 46. Rxb5 Nd4 47. Ra5 Nf3 48. g4 Ng1+ 49. Kg3 Ne2+ 50. Kf3 hxg4+ 51. Kxg4 Rc4 52. h5+ Kh7 53. Nd3 Rd4 54. Ra3 Kg7 55. Kf3 Ng1+ 56. Ke3 Rc4 57. Ra2 Nh3 58. Rh2 Kh7 59. Rxh3 Ra4 60. Rg3 Ra8 61. Bg5 Rg8 62. Kf3 Rc8 63. Bf6 Rc3 64. Ke3 Kh6 65. Kd4 Ra3 66. Rg7 Ra4+ 67. Kc5 Ra3 68. Nb4 Ra5+ 69. Kd6 Ra4 70. Nc6 Ra6 71. Rxf7 Rb6 72. Re7 Ra6 73. Rxe6 Kxh5 74. Re8 Kg6 75. Rf8 Kf5 76. e6 Rxc6+ 77. Kxc6 Kxe6 78. Bd4 Ke7 79. Rf6 Ke8 80. Kd6 1-0


[Site "https://www.chess.com"]

[Event "Titled Tuesday Blitz August 23 Late 2022"]
[White "Lenderman, Aleksandr"]
[Black "Pakleza, Zbigniew"]
[WhiteFideId "2021285"]
[BlackFideId "1119290"]
[WhiteElo "2607"]
[BlackElo "2411"]
[Result "0-1"]
[Round "11"]
[TimeControl "180+1"]
[Date "2022.08.23"]
[WhiteClock "0:01:34"]
[BlackClock "0:00:13"]

1. e4 d6 2. d4 Nf6 3. Nc3 c6 4. Nf3 Bg4 5. Be2 e6 6. O-O d5 7. Ne5 Bxe2 8. Qxe2 Be7 9. Rd1 O-O 10. Bf4 Bb4 11. exd5 exd5 12. Rd3 Nbd7 13. Nd1 Ba5 14. Ne3 Re8 15. Nf5 Nf8 16. Bh6 gxh6 17. Nxh6+ Kg7 18. Nhxf7 Qe7 19. Rg3+ Ng6 20. Qd3 Ne4 21. Rxg6+ hxg6 22. f3 Rf8 23. fxe4 Rxf7 24. Nxf7 Qxf7 25. Rf1 Qe6 26. e5 Bb6 27. Rf6 Qg4 28. c3 Rf8 29. h3 Qg5 30. Rxf8 Kxf8 31. Qf3+ Qf5 32. Qxf5+ gxf5 33. Kf2 c5 34. dxc5 Bxc5+ 35. Kf3 Kf7 36. Kf4 Ke6 37. g4 fxg4 38. hxg4 Bf8 39. g5 Bg7 40. g6 Bxe5+ 41. Ke3 Kf6 42. Kd3 Kxg6 43. b3 Kf6 44. c4 d4 0-1


[Site "https://www.chess.com"]

[Event "Titled Tuesday Blitz August 23 Late 2022"]
[White "Makarian, Rudik"]
[Black "Salem, A.R. Saleh"]
[WhiteFideId "44105681"]
[BlackFideId "9301348"]
[WhiteElo "2403"]
[BlackElo "2674"]
[Result "1-0"]
[Round "11"]
[TimeControl "180+1"]
[Date "2022.08.23"]
[WhiteClock "0:00:11"]
[BlackClock "0:00:01"]

1. d3 d5 2. f4 c5 3. Nf3 Nc6 4. g3 Bg4 5. Bg2 h5 6. Nc3 e6 7. h3 Bxf3 8. Bxf3 Nd4 9. e4 Nxf3+ 10. Qxf3 d4 11. Ne2 Ne7 12. O-O Nc6 13. Bd2 Be7 14. Kg2 Qc7 15. a3 a6 16. c4 dxc3 17. Bxc3 O-O-O 18. Bxg7 Rhg8 19. Bc3 h4 20. g4 Qb6 21. Rad1 Qb3 22. d4 Qc4 23. d5 exd5 24. exd5 Na7 25. Qd3 Qa4 26. Be5 f6 27. d6 fxe5 28. Qf5+ Kb8 29. dxe7 Rde8 30. Qxe5+ Ka8 31. Nc3 Qb3 32. Rd2 Nc6 33. Qd5 Qb6 34. Re1 Rg7 35. Rde2 Rexe7 36. f5 Rxe2+ 37. Rxe2 Ka7 38. f6 Rc7 39. f7 Ne7 40. f8=Q Nxd5 41. Nxd5 Qc6 42. Qf3 Rd7 43. Nf6 Qc7 44. Nxd7 1-0


[Site "https://www.chess.com"]

[Event "Titled Tuesday Blitz August 23 Late 2022"]
[White "Martic, Ivan"]
[Black "Bryakin, Mikhail"]
[WhiteFideId "929301"]
[BlackFideId "4165314"]
[WhiteElo "2355"]
[BlackElo "2353"]
[Result "0-1"]
[Round "11"]
[TimeControl "180+1"]
[Date "2022.08.23"]
[WhiteClock "0:01:19"]
[BlackClock "0:02:11"]

1. e4 d5 2. exd5 Qxd5 3. h3 Nc6 4. c4 Qd8 5. Nf3 e5 6. Nc3 Nf6 7. Be2 Bc5 8. O-O O-O 9. d3 h6 10. a3 a5 11. Rb1 Bf5 12. Na4 Ba7 13. b4 e4 14. Nh4 Bh7 15. dxe4 Bxe4 16. Rb2 axb4 17. axb4 Qxd1 18. Rxd1 Bd4 19. Ra2 Nxb4 20. Ra3 c5 21. Nb6 Rxa3 22. Bxa3 Nc2 23. Bc1 Re8 24. Bf3 g5 25. Bxe4 Nxe4 26. Nf3 Bxf2+ 27. Kf1 Ne3+ 28. Bxe3 Bxe3 29. Nd5 Ng3+ 30. Ke1 Bd4+ 31. Kd2 Re2+ 32. Kc1 Rxg2 33. Nxd4 cxd4 34. Rxd4 Ne2+ 0-1


[Site "https://www.chess.com"]

[Event "Titled Tuesday Blitz August 23 Late 2022"]
[White "Martinez Alcantara, Jose Eduardo"]
[Black "Shirov, Alexei"]
[WhiteFideId "3805662"]
[BlackFideId "2209390"]
[WhiteElo "2703"]
[BlackElo "2678"]
[Result "1-0"]
[Round "11"]
[TimeControl "180+1"]
[Date "2022.08.23"]
[WhiteClock "0:00:03"]
[BlackClock "0:00:01"]

1. e4 e5 2. Nf3 Nc6 3. Bb5 a6 4. Ba4 Nf6 5. d3 b5 6. Bb3 Bc5 7. c3 d6 8. Bg5 h6 9. Bh4 Bb6 10. Nbd2 g5 11. Bg3 Ne7 12. Nf1 Ng6 13. Ne3 Nf4 14. Qd2 Be6 15. Bxf4 gxf4 16. Nf5 Bxf5 17. exf5 Qd7 18. a4 Qxf5 19. axb5 e4 20. dxe4 Qxe4+ 21. Kf1 O-O 22. Ra4 Qf5 23. Rxf4 Qxb5+ 24. Bc4 Qc6 25. Bd3 d5 26. Rh4 Ne4 27. Qf4 Qf6 28. Bxe4 Qxf4 29. Rxf4 dxe4 30. Rxe4 Rad8 31. g3 Rfe8 32. Rxe8+ Rxe8 33. Nd2 Rd8 34. Ke2 Bxf2 35. Ra1 Bb6 36. Rxa6 Re8+ 37. Kd1 Kg7 38. Ra4 Bg1 39. Nf3 Bf2 40. Rf4 Be3 41. Rg4+ Kf6 42. Rc4 Bb6 43. Rh4 Kg7 44. Rg4+ Kf6 45. Rf4+ Kg7 46. Nh4 Rd8+ 47. Kc2 Re8 48. Kd1 Rd8+ 49. Ke2 Re8+ 50. Kf1 Rd8 51. Nf3 Rd1+ 52. Ke2 Rb1 53. Rb4 Rc1 54. Rb5 Rc2+ 55. Kd3 Rf2 56. Ke4 Re2+ 57. Kf4 Be3+ 58. Kg4 Bc1 59. b3 Re4+ 60. Kh3 Re3 61. Nd4 Rxc3 62. Nf5+ Kg6 63. Nh4+ Kg7 64. b4 Rc2 65. Nf5+ 1-0


[Site "https://www.chess.com"]

[Event "Titled Tuesday Blitz August 23 Late 2022"]
[White "Matinian, Nikita"]
[Black "Claverie, Christophe"]
[WhiteFideId "24129100"]
[BlackFideId "605514"]
[WhiteElo "2422"]
[BlackElo "2300"]
[Result "0-1"]
[Round "11"]
[TimeControl "180+1"]
[Date "2022.08.23"]
[WhiteClock "0:00:02"]
[BlackClock "0:00:34"]

1. e4 c5 2. Nc3 Nc6 3. Bb5 d6 4. f4 Bd7 5. Nf3 a6 6. Bxc6 Bxc6 7. O-O e6 8. d3 Nf6 9. e5 Nd5 10. Ne4 Be7 11. a3 O-O 12. Qe1 Nb6 13. exd6 Bxd6 14. Nxd6 Qxd6 15. Ne5 Nd7 16. Qg3 f6 17. Nxd7 Qxd7 18. b3 Qd4+ 19. Be3 Qc3 20. Qf2 b6 21. a4 a5 22. Qd2 Qxd2 23. Bxd2 h5 24. Rfe1 Kf7 25. Kf2 Rfe8 26. Bc3 Rad8 27. Rad1 Rd5 28. g3 Rf5 29. d4 h4 30. dxc5 hxg3+ 31. Kxg3 Rxc5 32. Re3 Rh8 33. Rd6 Bh1 34. Rdxe6 Rch5 35. Re7+ Kg6 36. Rc7 Rxh2 37. f5+ Kxf5 0-1


[Site "https://www.chess.com"]

[Event "Titled Tuesday Blitz August 23 Late 2022"]
[White "Melikyan, Gnel"]
[Black "Aghasiyev, Kamal"]
[WhiteFideId "54109990"]
[BlackFideId "13402854"]
[WhiteElo "1772"]
[BlackElo "2210"]
[Result "1/2-1/2"]
[Round "11"]
[TimeControl "180+1"]
[Date "2022.08.23"]
[WhiteClock "0:00:15"]
[BlackClock "0:00:09"]

1. e4 e5 2. Nf3 Nc6 3. d4 exd4 4. Nxd4 Bc5 5. Nxc6 Qf6 6. Qf3 dxc6 7. Nc3 Be6 8. Qg3 Bd6 9. f4 Qg6 10. Qf2 f5 11. e5 Bb4 12. Bd2 Ne7 13. O-O-O O-O 14. a3 Ba5 15. Qc5 Bxc3 16. Bxc3 Nd5 17. g3 Rfd8 18. Bd4 Qf7 19. Bf2 Nb6 20. Be2 Bd5 21. Rhe1 Be4 22. b3 Nd5 23. a4 Qe6 24. Kb2 a5 25. Rd2 b6 26. Qd4 h6 27. Red1 c5 28. Qc4 Kh7 29. Bd3 Bxd3 30. Qxd3 c6 31. Qf3 Re8 32. c4 Nb4 33. Rd6 Qf7 34. Be1 b5 35. cxb5 cxb5 36. Rd7 Qf8 37. axb5 a4 38. b6 a3+ 39. Ka1 Nc2+ 40. Ka2 Nd4 41. Qd5 Rab8 42. Bc3 Rxb6 43. Bxd4 cxd4 44. Qxd4 Rc6 45. Rd2 Rec8 46. e6 Rc2+ 47. Rxc2 Rxc2+ 48. Kb1 Rb2+ 49. Ka1 Rxb3 50. e7 Qe8 51. Qd5 Rb6 52. Qxf5+ g6 53. Qd5 Qh8+ 54. Qd4 Qxd4+ 55. Rxd4 Re6 56. Rd7 Kg8 57. Rd8+ Kf7 58. e8=Q+ Rxe8 59. Rxe8 Kxe8 60. Ka2 Kf7 61. Kxa3 Kf6 62. Kb4 Kf5 63. Kc5 Kg4 64. Kd5 Kh3 65. Ke6 Kxh2 66. Kf6 Kxg3 67. Kxg6 Kxf4 68. Kxh6 1/2-1/2


[Site "https://www.chess.com"]

[Event "Titled Tuesday Blitz August 23 Late 2022"]
[White "Moroni, Luca Jr"]
[Black "Bortnyk, Olexandr"]
[WhiteFideId "865834"]
[BlackFideId "14120828"]
[WhiteElo "2573"]
[BlackElo "2723"]
[Result "0-1"]
[Round "11"]
[TimeControl "180+1"]
[Date "2022.08.23"]
[WhiteClock "0:00:01"]
[BlackClock "0:00:43"]

1. d4 d6 2. Nf3 Nf6 3. g3 g6 4. Bg2 Bg7 5. b3 O-O 6. Bb2 a5 7. O-O a4 8. c4 c5 9. e3 Bf5 10. Nbd2 Nc6 11. Nh4 Bd3 12. Re1 Nb4 13. Ndf3 Bc2 14. Qd2 Ne4 15. Qc1 axb3 16. axb3 Nxf2 17. Bc3 Nfd3 18. Qd2 Nxe1 19. Rxe1 Bxb3 20. Bxb4 cxb4 21. Qxb4 Ba2 22. Nd2 Qa5 23. Qxa5 Rxa5 24. Bxb7 Rb8 25. Bc6 Rb2 26. Nhf3 Bh6 27. g4 Ra3 28. g5 Bxg5 29. Nxg5 Rxd2 30. Bb5 Rc2 31. Rf1 f6 32. Ne6 Rxe3 33. d5 Bxc4 34. Ra1 Bxd5 35. Nf4 Bc6 36. Bf1 Kg7 37. Ra7 h5 38. Rc7 Re1 0-1


[Site "https://www.chess.com"]

[Event "Titled Tuesday Blitz August 23 Late 2022"]
[White "Nakamura, Hikaru"]
[Black "Howell, David W L"]
[WhiteFideId "2016192"]
[BlackFideId "410608"]
[WhiteElo "2850"]
[BlackElo "2559"]
[Result "1-0"]
[Round "11"]
[TimeControl "180+1"]
[Date "2022.08.23"]
[WhiteClock "0:00:04"]
[BlackClock "0:00:01"]

1. g3 e5 2. Bg2 Nf6 3. d3 d5 4. Bg5 c6 5. Nc3 Nbd7 6. e4 dxe4 7. dxe4 h6 8. Bd2 Bc5 9. Nge2 O-O 10. O-O a5 11. Nc1 a4 12. Nd3 Bb6 13. b3 axb3 14. cxb3 Qe7 15. Rc1 Rd8 16. Na4 Bd4 17. Bb4 Qe8 18. Qc2 Nf8 19. Bc5 Ne6 20. Bb6 Bxb6 21. Nxb6 Nd4 22. Qb2 Rb8 23. Nc4 Nd7 24. f4 f6 25. Bh3 Qe7 26. Bg2 Nc5 27. Nf2 exf4 28. gxf4 b5 29. Ne3 Nce6 30. Nh3 b4 31. Rfd1 Ba6 32. Rd2 Qa7 33. Kh1 Nb5 34. Nf5 Nc3 35. Bf3 Kh8 36. Rg2 Qf7 37. Qf2 Rd3 38. Rcg1 Rg8 39. Qh4 Rxf3 40. Nxh6 gxh6 41. Qxh6+ 1-0


[Site "https://www.chess.com"]

[Event "Titled Tuesday Blitz August 23 Late 2022"]
[White "Naroditsky, Daniel"]
[Black "Bluebaum, Matthias"]
[WhiteFideId "2026961"]
[BlackFideId "24651516"]
[WhiteElo "2628"]
[BlackElo "2603"]
[Result "1-0"]
[Round "11"]
[TimeControl "180+1"]
[Date "2022.08.23"]
[WhiteClock "0:00:06"]
[BlackClock "0:00:05"]

1. c4 e6 2. d4 Nf6 3. Nc3 Bb4 4. f3 d5 5. a3 Bd6 6. e4 c5 7. dxc5 Bxc5 8. b4 Bd6 9. cxd5 Be5 10. Nge2 exd5 11. Bf4 Bxf4 12. Nxf4 dxe4 13. Qxd8+ Kxd8 14. O-O-O+ Nbd7 15. fxe4 Re8 16. Rd4 g5 17. Nfd5 Nxd5 18. Nxd5 a6 19. g3 Re6 20. Bh3 Rc6+ 21. Kb2 Ke8 22. Rc1 Ne5 23. Rxc6 Nxc6 24. Nc7+ Ke7 25. Nxa8 Bxh3 26. Rd2 Ke6 27. Rd5 f5 28. Nc7+ Kf6 29. exf5 Bxf5 30. Ne8+ Ke6 31. Nc7+ Kf6 32. Kc3 h5 33. Ne8+ Ke6 34. Nc7+ Kf6 35. a4 h4 36. Ne8+ Ke6 37. Nc7+ Kf6 38. b5 axb5 39. Rxb5 Bc8 40. Nd5+ Kg6 41. Nb6 Bh3 42. Nc4 Bf1 43. Rb6 hxg3 44. hxg3 Kh5 45. Nd6 Ne7 46. Rxb7 Nd5+ 47. Kd4 Nf6 48. a5 Kg4 49. Rb3 Bg2 50. a6 Nd7 51. a7 Nf8 52. Re3 Nd7 53. Rb3 Nf8 54. Ne4 Ne6+ 55. Ke5 Bxe4 56. Kxe4 Nc5+ 57. Kd5 Nxb3 58. a8=Q Nc1 59. Qa1 Ne2 60. Qd1 Kf3 61. Ke5 g4 62. Qd3+ Kf2 63. Ke4 Nxg3+ 64. Kf4 Nf1 65. Kxg4 Ne3+ 66. Kf4 Ng2+ 67. Ke4 Ne1 68. Qd2+ Kf1 69. Kf4 Ng2+ 70. Kg3 Ne3 71. Qf2# 1-0


[Site "https://www.chess.com"]

[Event "Titled Tuesday Blitz August 23 Late 2022"]
[White "Nazaretyan, Tigran"]
[Black "Garcia-Castany Musellas, Gal.la"]
[WhiteFideId "24162345"]
[BlackFideId "2241803"]
[WhiteElo "2183"]
[BlackElo "2173"]
[Result "1-0"]
[Round "11"]
[TimeControl "180+1"]
[Date "2022.08.23"]
[WhiteClock "0:00:54"]
[BlackClock "0:00:01"]

1. d4 Nf6 2. c4 e6 3. Nf3 d5 4. Nc3 c5 5. e3 cxd4 6. exd4 Be7 7. c5 O-O 8. Bd3 b6 9. b4 a5 10. Na4 bxc5 11. bxc5 Ba6 12. O-O Bxd3 13. Qxd3 Nc6 14. Bf4 Nh5 15. Be5 f6 16. Bg3 Nxg3 17. hxg3 e5 18. Qf5 e4 19. Qe6+ Kh8 20. Qxc6 exf3 21. gxf3 f5 22. Nb6 Rb8 23. Nxd5 Bf6 24. Rad1 Rc8 25. Qd6 Qxd6 26. cxd6 Rfd8 27. Ne7 Rc2 28. Nxf5 g6 29. Ne3 Rxa2 30. d5 a4 31. f4 Rxd6 32. Nc4 Rd8 33. d6 Rc2 34. Ne5 Kg7 35. Rd4 a3 36. Ra1 a2 37. Ra4 Rxd6 38. Ra7+ Kg8 39. R7xa2 Rxa2 40. Rxa2 Rb6 41. Kg2 Rb7 42. Ra6 Kg7 43. Kf3 Rc7 44. Ke4 Rb7 45. Rd6 Rb4+ 46. Kf3 Rb3+ 47. Kg4 Rb7 48. Nd7 Be7 49. Rd5 Bf6 50. f5 1-0


[Site "https://www.chess.com"]

[Event "Titled Tuesday Blitz August 23 Late 2022"]
[White "Papasimakopoulos, Alexandros"]
[Black "Uskov, Artem"]
[WhiteFideId "4244125"]
[BlackFideId "34254854"]
[WhiteElo "2357"]
[BlackElo "2335"]
[Result "0-1"]
[Round "11"]
[TimeControl "180+1"]
[Date "2022.08.23"]
[WhiteClock "0:00:05"]
[BlackClock "0:00:16"]

1. d4 Nf6 2. c4 g6 3. Nc3 Bg7 4. e4 d6 5. f3 O-O 6. Nge2 Nbd7 7. Be3 c5 8. Qd2 a6 9. Nc1 Qa5 10. Be2 Rb8 11. Nb3 Qd8 12. dxc5 dxc5 13. Nxc5 b5 14. cxb5 axb5 15. Bxb5 Qc7 16. Nxd7 Nxd7 17. Nd5 Qd6 18. a4 Nc5 19. Qc2 Ne6 20. O-O-O Kh8 21. Kb1 Ba6 22. Nc3 Qb4 23. Nd5 Qd6 24. Nc3 Qb4 25. Na2 Qa5 26. Bd2 Qb6 27. Bc3 Bxb5 28. Bxg7+ Kxg7 29. axb5 Qxb5 30. Rd5 Qa6 31. Qd3 Qa7 32. Rd7 Qb6 33. Qc3+ Kg8 34. Rhd1 Ra8 35. Qb4 Qa6 36. Qa3 Qxa3 37. bxa3 Rxa3 38. Rb7 Rfa8 39. Rd2 Nc5 40. Rb4 Kg7 41. Rc2 Ne6 42. Rcb2 Nf4 43. R4b3 R3a7 44. g3 Ne6 45. Nc3 Ra1+ 46. Kc2 Nd4+ 47. Kd3 Nxb3 48. Rxb3 R1a3 49. Rxa3 Rxa3 50. f4 e6 51. Kd4 Ra1 52. Ne2 Rh1 53. h4 Ra1 54. e5 Ra3 55. Nc3 h6 56. Ne4 Rf3 57. Kc5 Re3 58. Kd4 Rf3 59. Kc5 g5 60. hxg5 hxg5 61. Nxg5 Rxg3 62. Ne4 Rf3 63. Nf6 Kg6 0-1


[Site "https://www.chess.com"]